[Event "Late-Titled-Tuesday-Blitz-April-02-2024"]
[Site "Chess.com"]
[Date "2024.04.02"]
[Round "9"]
[White "ninguno46"]
[Black "Revan_2002"]
[Result "0-1"]
[WhiteElo "2590"]
[BlackElo "2742"]
[TimeControl "180+1"]
[EndTime "15:43:43 PDT"]
[Termination "Revan_2002 won by resignation"]

1. e4 c6 2. d4 d5 3. exd5 cxd5 4. Bd3 Nc6 5. c3 Nf6 6. Bf4 g6 7. Nf3 Bg7 8. Nbd2 O-O 9. O-O Bf5 10. Bxf5 gxf5 11.
Qe2 e6 12. h3 Ne4 13. Kh2 Kh8 14. Rg1 Bf6 15. g4 Ne7 16. gxf5 exf5 17. Nxe4 fxe4 18. Be5 Ng6 19. Bxf6+ Qxf6 20. Ng5 Nf4 21. Qg4 Rg8 22. Raf1 Rg7 23. Qh4 Rag8 24. Nf3 Qxh4 25.
Nxh4 Rxg1 26. Rxg1 Rxg1 27. Kxg1 Nxh3+ 28. Kf1 Kg7 29.
Nf5+ Kf6 30. Nd6 Nf4 31. Nxb7 h5 32. Na5 h4 33. Nc6 a6 34. b4 h3 35. Ne5 Kf5 36. Kg1 f6 37. Nc6 Ne2+ 38. Kh2 Nxc3 39. a3 Kg4 40.
Nb8 f5 41. Nxa6 Kf3 42. Nc5 Kxf2 43. Ne6 e3 44. Nf4 e2 45. Kxh3 e1=Q 46. Nd3+ Ke2 47. Nxe1 Kxe1 48. Kg3 Ke2 49. Kf4 Kd3 50. Ke5 Kc4 51.
a4 Nxa4 52. Kxf5 Kxd4 53. Kf4 Kc4 54. Ke3 Kxb4 55. Kd4 Nb6 56. Kd3 Kc5 57. Kc3 d4+ 58. Kd3 Nc4 0-1

[Event "Late-Titled-Tuesday-Blitz-April-02-2024"]
[Site "Chess.com"]
[Date "2024.04.02"]
[Round "9"]
[White "WCM-Mexicana"]
[Black "yaguigor"]
[Result "0-1"]
[WhiteElo "2434"]
[BlackElo "2608"]
[TimeControl "180+1"]
[EndTime "15:43:43 PDT"]
[Termination "yaguigor won on time"]

1. d4 d5 2. c4 e6 3. Nc3 c6 4. Nf3 Nf6 5. e3 Nbd7 6. a3 Bd6 7. c5 Bc7 8. b4 e5 9. Be2 O-O 10.
Bb2 Re8 11. h3 e4 12. Nd2 Nf8 13. O-O Ng6 14. Re1 Nh4 15. Nf1 g6 16. a4 h5 17. b5 Qd7 18. f4 Nxg2 19. Kxg2 Qxh3+ 20. Kg1 h4 21. Qd2 g5 22. fxg5 Nh7 23. Bh5 Nxg5 24.
Qg2 Qf5 25. Nd2 h3 26. Qf2 Qh7 27. Qh4 Kh8 28. Ncxe4 Nxe4 29. Nxe4 Rxe4 30. Qf6+ Qg7+ 31. Qxg7+ Kxg7 32. Bf3 Rh4 33. e4 Be6 34. exd5 cxd5 35. Kh1 Rf4 36. Re3 Rh8 37. Rg1+ Kf6 38. Bc1 Rhh4 39.
b6 axb6 40. cxb6 Bxb6 41. Rb3 Bxd4 42. Bxf4 Rxf4 43. Rf1 Bg4 44. Be2 Rxf1+ 45. Bxf1 b6 46. Bxh3 Be2 47. Bg2 Ke5 48. Rh3 f5 49. Rh6 Bd3 50. Kh2 Be3 51. Rh8 Be4 52. Re8+ Kd4 53. Rb8 Kc4 54. Bxe4 fxe4 55. Kg2 d4 56. Kf1 d3 57.
Ke1 Bf4 58. Re8 Kd4 59. Re6 e3 60. Rxb6 Bg3+ 61. Kd1 e2+ 0-1

[Event "Late-Titled-Tuesday-Blitz-April-02-2024"]
[Site "Chess.com"]
[Date "2024.04.02"]
[Round "9"]
[White "Charodej1"]
[Black "N_I_Chess"]
[Result "1-0"]
[WhiteElo "2365"]
[BlackElo "2329"]
[TimeControl "180+1"]
[EndTime "15:43:44 PDT"]
[Termination "Charodej1 won on time"]

1. c4 Nf6 2. d4 e6 3. a3 b6 4. Nd2 Bb7 5. Ngf3 c5 6. e3 cxd4 7. exd4 d5 8. b3 Bd6 9. Be2 O-O 10. O-O Nbd7 11. Bb2 Rc8 12. Re1 Nh5 13. Bf1 Nhf6 14.
Rc1 Ne4 15. Bd3 Nxd2 16. Nxd2 Qh4 17. Nf3 Qh6 18. Qe2 Rfd8 19. Rcd1 Nf6 20. Ne5 dxc4 21. bxc4 Qh5 22. f3 Qh4 23. Qe3 Bxe5 24. Qxe5 Ba6 25. Qe2 Rd7 26. Kh1 Rdc7 27. g3 Qh5 28. d5 exd5 29.
Bxf6 gxf6 30. g4 Qe5 31. Qxe5 fxe5 32. cxd5 Bxd3 33. Rxd3 f6 34. d6 Rd7 35. Red1 Rcd8 36. Kg2 Kf7 37. f4 Ke6 38. f5+ Kf7 39. Kf3 Rc8 40. h3 Rc4 41. Re3 Rc6 42. Red3 Rc4 43. Ke3 h6 44. R1d2 Ke8 45. Rb3 Rd8 46. Rb4 Rxb4 47.
axb4 Kd7 48. Ra2 Kxd6 49. Rxa7 Rc8 50. Rf7 Rc3+ 51. Kf2 Rxh3 52. Rxf6+ Kd5 53. Rg6 Ke4 54. f6 1-0

[Event "Late-Titled-Tuesday-Blitz-April-02-2024"]
[Site "Chess.com"]
[Date "2024.04.02"]
[Round "9"]
[White "PNEPaul"]
[Black "PonyQueen07"]
[Result "1/2-1/2"]
[WhiteElo "1989"]
[BlackElo "2219"]
[TimeControl "180+1"]
[EndTime "15:43:45 PDT"]
[Termination "Game drawn - insufficient material"]

1. e4 c5 2. d4 cxd4 3. c3 dxc3 4. Nxc3 Nc6 5. Nf3 e6 6. Bf4 Bb4 7. Bd3 Nge7 8. e5 Nd5 9. Bd2 Bxc3 10. bxc3 Qc7 11. Qe2 d6 12. exd6 Qxd6 13. Rd1 Bd7 14.
O-O O-O-O 15. Bb5 Qc5 16. c4 Nf6 17. Be3 Qa3 18. Rd3 Qa5 19. Rfd1 a6 20. Bd2 Qc7 21.
Ba4 Ne7 22. Bxd7+ Rxd7 23. Bg5 Rxd3 24. Qxd3 Rd8 25. Qxd8+ Qxd8 26. Rxd8+ Kxd8 27. Bxf6 gxf6 28. h3 Nc6 29. Kf1 Nb4 30. a3 Nc2 31. a4 Nb4 32. Ke2 Kc7 33. Kd2 Kb6 34. Kc3 Nc6 35. Kb3 Na5+ 36.
Kc3 Nc6 37. Kb3 Kc5 38. Nd2 Na5+ 39. Kc3 Nc6 40. Kb3 Nd4+ 41. Kc3 Ne2+ 42. Kd3 Nf4+ 43. Ke4 Nxg2 44. Kf3 Nh4+ 45. Kg4 Nf5 46. h4 Kb4 47. Ne4 Kxa4 48. Nxf6 Kb4 49. Nxh7 Kxc4 50. Ng5 a5 51. Nxf7 a4 52. h5 a3 53. Ne5+ Kd5 54. Nd3 a2 55. Nb4+ Ke4 56. Nxa2 Ke5 57. Nc3 Kf6 58.
Ne4+ Kg7 59. Nc5 Nh6+ 60. Kf4 Kf6 61. Nxb7 e5+ 62. Ke4 Kg5 63. Kxe5 Ng4+ 64. Ke4 Nxf2+ 65. Kf3 Ng4 66. Kg3 Kxh5 1/2-1/2

[Event "Late-Titled-Tuesday-Blitz-April-02-2024"]
[Site "Chess.com"]
[Date "2024.04.02"]
[Round "9"]
[White "chessydotcom"]
[Black "Lady_Nika"]
[Result "0-1"]
[WhiteElo "2294"]
[BlackElo "2521"]
[TimeControl "180+1"]
[EndTime "15:43:46 PDT"]
[Termination "Lady_Nika won by resignation"]

1. e4 e6 2. d4 d5 3. e5 c5 4. c3 Nc6 5. Nf3 Qb6 6. Be2 Bd7 7. O-O Be7 8. Re1 h5 9. Qc2 cxd4 10. cxd4 Nxd4 11.
Nxd4 Qxd4 12. Bf3 Rc8 13. Qe2 h4 14. h3 Nh6 15. Nc3 a6 16. Rd1 Qb6 17. Be3 Qd8 18.
a4 Nf5 19. a5 Nxe3 20. Qxe3 Bc5 21. Qf4 Qe7 22. Rab1 Bb4 23. Bg4 Bxa5 24. b4 Rxc3 25. bxa5 Rc4 26. Qe3 Ba4 27. Rd2 O-O 28. Rdb2 Bc6 29.
Qd3 Ra4 30. Bd1 Rxa5 31. Bc2 g6 32. Rb4 d4 33. Qxd4 Rd8 34. Qf4 Rdd5 35. Qh6 Rxe5 36.
Rxh4 Rh5 37. Rxh5 Rxh5 38. Qf4 Qg5 39. Qb8+ Kg7 40. Qh2 Qc5 41. Bd1 Rg5 42. g3 Qd5 43.
Bb3 Qe4 44. Rd1 Re5 45. Rf1 Qf3 46. Bd1 Qd3 47. Bg4 Bb5 48. Rc1 Qd2 49. Rd1 Re1+ 50.
Rxe1 Qxe1+ 51. Kg2 Bf1+ 52. Kf3 Qe2+ 53. Kf4 e5+ 54. Kg5 f6+ 55. Kh4 Qd2 56. f4 Qxh2 0-1

[Event "Late-Titled-Tuesday-Blitz-April-02-2024"]
[Site "Chess.com"]
[Date "2024.04.02"]
[Round "9"]
[White "NikitaShnadrygin"]
[Black "Aygehovit1992"]
[Result "1/2-1/2"]
[WhiteElo "2698"]
[BlackElo "2860"]
[TimeControl "180+1"]
[EndTime "15:43:48 PDT"]
[Termination "Game drawn - insufficient material"]

1. Nf3 Nf6 2. g3 b5 3. Bg2 Bb7 4. O-O e6 5. d4 c5 6. b3 cxd4 7. Bb2 Nc6 8. Nxd4 Qb6 9. e3 Rc8 10. Nd2 Nxd4 11. Bxd4 Bc5 12. Bxc5 Rxc5 13. c4 Bxg2 14.
Kxg2 O-O 15. b4 Rcc8 16. c5 Qc6+ 17. Qf3 d6 18. Nb3 dxc5 19. Nxc5 Nd5 20. a3 Nb6 21. Qxc6 Rxc6 22. Rfd1 Rfc8 23. Kf3 Kf8 24. a4 bxa4 25. Nxa4 Nd5 26. Nc5 R8c7 27. Rd4 Ke7 28. h4 h5 29.
Nd3 Rc2 30. Nf4 Nxf4 31. Rxf4 Rb2 32. Re4 f5 33. Rd4 Rcc2 34. Rf1 Ra2 35. e4 g6 36.
exf5 gxf5 37. Rf4 Kf6 38. Kg2 e5 39. Rf3 e4 40. Rb3 Ke5 41. Kg1 f4 42. gxf4+ Kxf4 43. b5 Rab2 44. Rb1 Rxb1+ 45. Rxb1 Rc7 46. b6 Rb7 47.
Rb5 axb6 48. Kf1 Kg4 49. Rb4 Kf3 50. Rb5 Kg4 51. Rb4 Kxh4 52. Rxe4+ Kg5 53. Kg2 b5 54. Rb4 Kf5 55. Kh3 Ke5 56. Kh4 Kd5 57. Kxh5 Kc5 58.
Rb1 b4 59. f4 Kd4 60. Kg6 Rb6+ 61. Kg5 Rb5+ 62. f5 Kc3 63. Kg6 Kc2 64. Rf1 b3 65.
f6 b2 66. f7 Rb6+ 67. Kg7 Rb7 68. Kg8 Rb8+ 69. f8=Q Rxf8+ 70. Kxf8 b1=Q 71. Rxb1 Kxb1 1/2-1/2

[Event "Late-Titled-Tuesday-Blitz-April-02-2024"]
[Site "Chess.com"]
[Date "2024.04.02"]
[Round "9"]
[White "manitodeplomo"]
[Black "santosalberto1987"]
[Result "1-0"]
[WhiteElo "2634"]
[BlackElo "2521"]
[TimeControl "180+1"]
[EndTime "15:43:48 PDT"]
[Termination "manitodeplomo won on time"]

1. d4 Nf6 2. c4 d6 3. Nf3 g6 4. Nc3 Bf5 5. Qb3 b6 6. d5 e5 7. dxe6 Bxe6 8. Nd4 Bd7 9. g3 Nc6 10. Qd1 Nxd4 11. Qxd4 Bc6 12. f3 Bg7 13. e4 O-O 14. Qd2 Re8 15. Be2 a5 16. O-O Nd7 17. b3 Nc5 18.
Rb1 f5 19. Bb2 fxe4 20. fxe4 Nxe4 21. Nxe4 Bxe4 22. Rbe1 Bxb2 23. Qxb2 Qg5 24. Qd4 Bc6 25. Bg4 Re5 26. Rxe5 Qxe5 27. Qxe5 dxe5 28. Be6+ Kh8 29.
Rf7 Re8 30. Bg4 Be4 31. Rxc7 Bd3 32. Kf2 e4 33. Ke3 h5 34. Rc8 Rxc8 35. Bxc8 Bb1 36. a3 Ba2 37. b4 axb4 38. axb4 Bxc4 39. Kxe4 Kg7 40. Ke5 h4 41. gxh4 Kh6 42. Bg4 Bd3 43. Kf6 Bc2 44. Bf3 Bd3 45. Ke5 Bc2 46. Kd6 Bd3 47. Kc6 b5 48. Kc5 Bf1 49. Bc6 Kh5 50.
Bxb5 Bg2 51. Be8 Kxh4 52. Bxg6 Bf1 53. Be8 Kh3 54. Bb5 Bg2 55. Bc6 Bf1 56. Bd5 Kxh2 57. Bc4 Bg2 58. b5 Bb7 59. Bd5 Bc8 60. Kd6 Kg3 61. Kc7 1-0

[Event "Late-Titled-Tuesday-Blitz-April-02-2024"]
[Site "Chess.com"]
[Date "2024.04.02"]
[Round "9"]
[White "ahkashefi2800"]
[Black "KuzubovYuriy"]
[Result "0-1"]
[WhiteElo "2625"]
[BlackElo "2926"]
[TimeControl "180+1"]
[EndTime "15:43:49 PDT"]
[Termination "KuzubovYuriy won on time"]

1. Nf3 d5 2. c3 Nc6 3. g3 e5 4. d3 Bc5 5. Bg2 Qe7 6. Nfd2 Nf6 7. O-O h5 8. c4 d4 9. Nf3 Bg4 10. Bg5 Qd7 11. h4 Nh7 12. Bd2 a5 13. Na3 O-O 14.
Nc2 Rfe8 15. a3 a4 16. Bb4 b6 17. Rb1 Bh3 18. b3 axb3 19. Rxb3 Bxg2 20. Kxg2 Nf6 21.
Bxc5 bxc5 22. Rb5 Qd6 23. Qd2 e4 24. Ng5 exd3 25. exd3 Ne5 26. Re1 Qc6+ 27. f3 Nh7 28. Nxd4 Qd7 29. Nxh7 Qxd4 30. Re4 Qxd3 31. Qxd3 Nxd3 32.
Ng5 Rxe4 33. Nxe4 Rxa3 34. Nxc5 Ra2+ 35. Kg1 Ne5 36. f4 Nxc4 37. Ne4 f6 38. Rc5 Ne3 39.
Rxc7 Nf5 40. Kh1 Re2 41. Rc8+ Kh7 42. Rc5 Kg6 43. Nc3 Re3 44. Kh2 Nxg3 45. Nd5 Ra3 46. Ne7+ Kf7 47. Nf5 Nxf5 48. Rxf5 Kg6 49. Rd5 Rf3 50. Rd4 Kf5 51. Rd5+ Kg4 52. Rd7 g6 53. Rd6 Rxf4 54. Rd7 Kxh4 55. Rg7 g5 56. Rh7 Kg4 57. Rg7 h4 58. Rd7 Rf2+ 59. Kg1 Ra2 60. Rd6 f5 61. Rd2 Rxd2 0-1

[Event "Late-Titled-Tuesday-Blitz-April-02-2024"]
[Site "Chess.com"]
[Date "2024.04.02"]
[Round "9"]
[White "Zq1"]
[Black "Zhigalko_Sergei"]
[Result "0-1"]
[WhiteElo "2620"]
[BlackElo "2869"]
[TimeControl "180+1"]
[EndTime "15:43:50 PDT"]
[Termination "Zhigalko_Sergei won on time"]

1. d4 Nf6 2. c4 e6 3. g3 c5 4.
Nf3 cxd4 5. Nxd4 Qc7 6. b3 Bb4+ 7. Bd2 Bc5 8. e3 Ne4 9. Bg2 Nxd2 10. Qxd2 Nc6 11. O-O O-O 12. Nc3 a6 13. Rfd1 Be7 14.
Rac1 Ne5 15. f4 Ng4 16. h3 Nf6 17. g4 d6 18. g5 Nd7 19. h4 Rd8 20. f5 Ne5 21.
Rf1 Bf8 22. Ne4 exf5 23. Nxf5 Be6 24. Nc3 Qa5 25. Rcd1 Rab8 26. Nd5 Qxd2 27. Rxd2 b5 28. cxb5 Rxb5 29. Nc7 Rc5 30. Nxe6 fxe6 31. Nd4 Re8 32. Bh3 Rc3 33. Bxe6+ Kh8 34. Re2 d5 35. Bxd5 Bc5 36. Kg2 Ng4 37. Ne6 Nxe3+ 38. Rxe3 Bxe3 39. Rf7 Rc2+ 40. Kh3 Rc3 41. Kg4 Rd3 42. Bc4 Rd2 43. Nxg7 Re4+ 44. Kf3 Rf4+ 45. Kxe3 Rxf7 46. Bxf7 Rxa2 47.
Nh5 Rh2 48. Bc4 Rxh4 49. Nf6 a5 50. Kd3 Rh3+ 51. Kc2 Kg7 52. Kb2 Kg6 53. Ne4 Re3 54. Nd6 Kxg5 55. Nb7 Re5 56. Ka3 h5 57. Ka4 h4 58.
Nxa5 h3 59. Bf1 h2 60. Bg2 Re2 61. Ba8 Kf4 62. Bb7 Re4+ 63. b4 h1=Q 64. Bd5 Qh2 0-1

[Event "Late-Titled-Tuesday-Blitz-April-02-2024"]
[Site "Chess.com"]
[Date "2024.04.02"]
[Round "9"]
[White "N_Mullodzhanov"]
[Black "wild3000"]
[Result "0-1"]
[WhiteElo "2537"]
[BlackElo "2422"]
[TimeControl "180+1"]
[EndTime "15:43:53 PDT"]
[Termination "wild3000 won by checkmate"]

1. e4 c5 2. c3 e6 3. Nf3 d5 4. exd5 Qxd5 5. d4 Nf6 6. Nbd2 Nc6 7. Bc4 Qd8 8. Nb3 cxd4 9. Nbxd4 Bd7 10. O-O Be7 11. Re1 O-O 12. Qc2 Rc8 13. Bf1 Nxd4 14.
Nxd4 Nd5 15. Bd2 Bg5 16. g3 Bxd2 17. Qxd2 Qc7 18. Bg2 Nf6 19. h4 Rfd8 20. Rad1 e5 21. Nf3 Ba4 22. Qe2 Bxd1 23. Rxd1 Rxd1+ 24. Qxd1 h6 25. Qe2 Re8 26. Nd2 a6 27. Kh2 b5 28. a4 Qb6 29. axb5 axb5 30. Bf3 e4 31. Nxe4 Nxe4 32. Bxe4 Qe6 33. f3 Qe5 34. Kh3 g6 35. Qe3 Kg7 36.
Qd2 f5 37. Bc2 Re7 38. Bd3 Rd7 39. Qc2 Qe1 40. Kh2 f4 41. gxf4 Qxh4+ 42. Kg2 Qxf4 43.
c4 b4 44. Qe2 Qg5+ 45. Kf2 Re7 46. Be4 h5 47. Qd3 h4 48. Qd4+ Qe5 49. Qxe5+ Rxe5 50. Kg2 g5 51. Kh3 Kf6 52. Kg4 Ra5 53. f4 gxf4 54. Kxf4 Ra2 55. b3 Rb2 56. c5 Rxb3 57. c6 Rc3 58.
Kg4 Ke5 59. Bb1 h3 60. c7 Rxc7 61. Kxh3 Rc1 62. Bh7 Rh1+ 63. Kg2 Rxh7 64. Kf2 Rd7 65. Ke2 b3 66. Ke3 b2 67. Ke2 b1=Q 68. Kf3 Qb3+ 69. Kg4 Rg7+ 70. Kh5 Qh3# 0-1

[Event "Late-Titled-Tuesday-Blitz-April-02-2024"]
[Site "Chess.com"]
[Date "2024.04.02"]
[Round "9"]
[White "Jospem"]
[Black "stollenmonster"]
[Result "0-1"]
[WhiteElo "3026"]
[BlackElo "2877"]
[TimeControl "180+1"]
[EndTime "15:43:58 PDT"]
[Termination "stollenmonster won by resignation"]

1. e4 c5 2. Nf3 Nf6 3. e5 Nd5 4.
Nc3 e6 5. g3 d6 6. exd6 Bxd6 7. Bg2 O-O 8. O-O Nc6 9. d4 Nxc3 10.
bxc3 Qc7 11. d5 exd5 12. Qxd5 Be6 13. Qh5 Rfe8 14. Be3 h6 15. Nh4 Qc8 16. Rab1 Rb8 17. Bxc5 Bxc5 18. Qxc5 Bxa2 19. Ra1 Re5 20. Qd6 Re6 21.
Qf4 Rf6 22. Qe3 Be6 23. Rfd1 Bh3 24. Nf3 Bxg2 25. Kxg2 Qf5 26. Rd2 Re6 27. Qd3 Qc5 28. Nd4 Rd6 29. Qe4 Qxc3 30. Rad1 Qc4 31. Qe3 Rbd8 32.
Nf3 Rxd2 33. Rxd2 Rxd2 34. Qxd2 a5 35. Qd7 Qxc2 36. Qc8+ Kh7 37. Qxb7 Qe4 38. h4 a4 39. h5 a3 40. Qxf7 Ne5 41. Qa2 Qxf3+ 42. Kg1 Qd1+ 43.
Kg2 Qf3+ 44. Kg1 Qxh5 45. Qxa3 Qd1+ 46. Kg2 Qd5+ 47. Kg1 Nf3+ 48. Kf1 Nd2+ 49. Kg1 Ne4 50. Qe3 Qf5 51. Kg2 Ng5 52. f3 Qc2+ 53. Kg1 Nh3+ 54.
Kf1 Ng5 55. Kg1 Nh3+ 56. Kf1 Qf5 57. Kg2 h5 58. f4 h4 59. Qf3 Kh6 60. g4 Nxf4+ 61.
Kh2 Qe5 62. Kh1 Ng6 63. Qa8 Qe1+ 64. Kg2 Qg3+ 65. Kh1 Qxg4 66. Qg8 h3 67. Qd5 Qg2+ 68.
Qxg2 hxg2+ 69. Kxg2 Kg5 70. Kg3 Ne7 0-1

[Event "Late-Titled-Tuesday-Blitz-April-02-2024"]
[Site "Chess.com"]
[Date "2024.04.02"]
[Round "9"]
[White "FREZZY23"]
[Black "vova-79"]
[Result "0-1"]
[WhiteElo "2424"]
[BlackElo "2566"]
[TimeControl "180+1"]
[EndTime "15:44:00 PDT"]
[Termination "vova-79 won by resignation"]

1. Nf3 d5 2. g3 c6 3. Bg2 Bg4 4. O-O Nd7 5. d4 e6 6. h3 Bh5 7. c4 Bd6 8. Nc3 Ngf6 9. Qb3 Rb8 10. Bg5 h6 11. Bd2 O-O 12. Rfe1 Bc7 13. Rad1 Re8 14.
e4 dxe4 15. Nxe4 Nxe4 16. Rxe4 Nf6 17. Ree1 b5 18. g4 bxc4 19. Qxc4 Bg6 20. Ne5 Bxe5 21. dxe5 Nd5 22. b3 Qb6 23. Rc1 Rbc8 24. Be3 Nxe3 25. Rxe3 c5 26. Ree1 Red8 27. Red1 Rxd1+ 28. Rxd1 Qb4 29.
Bf1 Rc7 30. Rd8+ Kh7 31. Rd1 Kg8 32. Rc1 Qxc4 33. Bxc4 Kf8 34. Rd1 Ke7 35. Rd6 Be4 36. f4 Rc6 37. Rd2 Rc7 38. Kf2 Rd7 39. Rxd7+ Kxd7 40. Ke3 Bb1 41. a4 a5 42. Bd3 Bxd3 43. Kxd3 Kc7 44. f5 g5 45. fxg6 fxg6 46. Ke3 g5 47.
Kd3 Kc6 48. Kc4 Kb6 49. Kc3 Kc6 50. Kc4 Kb6 51. Kd3 Kc7 52. Ke3 Kc6 53. Ke4 Kb6 54.
Kd3 Kc7 55. Kc4 Kc6 56. Kd3 Kd5 57. Kc3 Kxe5 58. Kc4 Kd6 59. Kb5 e5 60. Kc4 Kc6 61. Kd3 Kd5 62. Ke3 e4 63. Kd2 Kd4 64. Kc2 e3 65. Kd1 Kc3 66. Ke1 Kxb3 0-1

[Event "Late-Titled-Tuesday-Blitz-April-02-2024"]
[Site "Chess.com"]
[Date "2024.04.02"]
[Round "9"]
[White "Durarbayli"]
[Black "WilsonPalencia21"]
[Result "1-0"]
[WhiteElo "2915"]
[BlackElo "2611"]
[TimeControl "180+1"]
[EndTime "15:44:01 PDT"]
[Termination "Durarbayli won on time"]

1. d4 Nf6 2. c4 c5 3. d5 e6 4.
Nc3 exd5 5. cxd5 d6 6. e4 g6 7. Bf4 a6 8. Be2 Bg7 9. Nf3 O-O 10. e5 dxe5 11. Nxe5 Nbd7 12. O-O Nxe5 13. Bxe5 Re8 14. Bg3 b5 15. d6 Bb7 16. Rc1 c4 17. Bf3 Qb6 18. a4 b4 19. a5 Bxf3 20. axb6 Bxd1 21.
Nxd1 Nd7 22. Rxc4 Nxb6 23. Rxb4 Nd5 24. Rb7 Be5 25. d7 Re6 26. f4 Bd4+ 27. Bf2 Bxf2+ 28.
Nxf2 Rd8 29. Ng4 Rd6 30. Rd1 Kg7 31. Ne3 Rb6 32. Rxb6 Nxb6 33. Rd6 Nxd7 34. Nd5 Kf8 35. Rxa6 Nc5 36. Ra5 Rxd5 37. b4 Rd1+ 38. Kf2 Nd3+ 39. Ke2 Nb2 40. Ra2 Rb1 41. Kd2 Nc4+ 42. Kc3 Nd6 43.
Re2 f5 44. g3 Ne4+ 45. Kc4 Ke7 46. Ra2 Kd6 47. Ra6+ Kc7 48. Ra7+ Kc6 49. Rxh7 Nd6+ 50.
Kd4 Rxb4+ 51. Ke5 Ne4 52. Rg7 Rb5+ 53. Ke6 Kc5 54. Rxg6 Nd6 55. h4 Rb3 56. h5 Rb2 57. h6 Rh2 58. Ke5 Nc4+ 59. Kxf5 Ne3+ 60. Kg5 Nf1 61.
g4 Ng3 62. f5 Kd5 63. Kf4 Ne2+ 64. Kf3 Nd4+ 65. Kg3 Rh1 66. Ra6 Ke4 67. f6 Ke5 68. f7 Ne6 69. Rxe6+ 1-0

[Event "Late-Titled-Tuesday-Blitz-April-02-2024"]
[Site "Chess.com"]
[Date "2024.04.02"]
[Round "9"]
[White "Oleg_Papayan"]
[Black "vladgoncharov"]
[Result "0-1"]
[WhiteElo "2682"]
[BlackElo "2582"]
[TimeControl "180+1"]
[EndTime "15:44:02 PDT"]
[Termination "vladgoncharov won by checkmate"]

1. e4 e6 2. d4 d5 3. Nc3 Nf6 4. Bg5 Be7 5. e5 Nfd7 6. Bxe7 Qxe7 7. f4 a6 8. Nf3 c5 9. dxc5 Nc6 10.
Bd3 Qxc5 11. Qd2 b5 12. Ne2 a5 13. a3 b4 14. axb4 Nxb4 15. Nfd4 Nxd3+ 16. Qxd3 O-O 17. Qc3 Qb6 18. Qb3 Qxb3 19. Nxb3 a4 20. Nbd4 Rb8 21. Ra2 Ba6 22. Nc3 Bc4 23. Rxa4 Rxb2 24.
Kd2 Nc5 25. Ra5 Rc8 26. Rha1 g6 27. Ra8 Rbb8 28. Rxb8 Rxb8 29. h4 h5 30. Ra7 Rc8 31.
Ra5 Bf1 32. g3 Bg2 33. Ra7 Ne4+ 34. Nxe4 Bxe4 35. c3 Rb8 36. Ra2 Rb1 37. Ra8+ Kg7 38. Nc6 d4 39. Rb8 dxc3+ 40. Kxc3 Rc1+ 41. Kd4 Bxc6 42. Rc8 Rc2 43. Rc7 Be4 44. Ra7 Bf5 45. Ke3 Rc3+ 46. Kf2 Rc8 47. Kg2 Kf8 48. Rd7 Ke8 49. Rd6 Rd8 50. Rb6 Rd7 51. Rb8+ Ke7 52.
Rb6 Rc7 53. Rb8 Kd7 54. Kf2 Kc6 55. Rb4 Kc5 56. Rb8 Kd4 57. Rf8 Ke4 58. Ke2 Rc2+ 59.
Kd1 Kf3 60. Rxf7 Rg2 61. Rf6 Rxg3 62. Ke1 Kxf4 63. Kf2 Rg4 64. Ke2 Kxe5 65. Rf7 Rxh4 66. Kf2 Rh3 67. Kg2 Rb3 68. Rf8 g5 69. Kh2 Kf4 70. Kg2 h4 71. Kh2 Rb2+ 72. Kg1 g4 73. Kf1 g3 74. Rg8 h3 75. Ke1 Bg4 76. Rf8+ Bf5 77.
Rf7 h2 78. Rh7 g2 79. Rxh2 g1=Q# 0-1

[Event "Late-Titled-Tuesday-Blitz-April-02-2024"]
[Site "Chess.com"]
[Date "2024.04.02"]
[Round "9"]
[White "LiemLe"]
[Black "GMAkobianSTL"]
[Result "1/2-1/2"]
[WhiteElo "3038"]
[BlackElo "2812"]
[TimeControl "180+1"]
[EndTime "15:44:05 PDT"]
[Termination "Game drawn - insufficient material"]

1. Nf3 Nf6 2. c4 e6 3. b3 b6 4. g3 Bb7 5. Bg2 c5 6. Bb2 Be7 7. Nc3 O-O 8. O-O d5 9. cxd5 Nxd5 10. Nxd5 Bxd5 11. Qc2 Nd7 12. e4 Bb7 13. d4 Rc8 14.
d5 exd5 15. exd5 Bf6 16. Rad1 Re8 17. d6 h6 18. Ng5 hxg5 19. Bxb7 Rb8 20. Bc6 Bxb2 21.
Qxb2 Re6 22. Bd5 Rf6 23. Rfe1 Nf8 24. Qd2 Ne6 25. Bxe6 fxe6 26. d7 Rb7 27. Re3 Rf7 28.
Rd3 b5 29. Rd6 c4 30. Kg2 c3 31. Qxc3 Rbxd7 32. Qc6 Rxd6 33. Rxd6 Qf6 34. Rd2 Qf5 35.
h3 a5 36. Re2 Rf6 37. Qe4 Kh7 38. g4 Qxe4+ 39. Rxe4 Kg6 40. Re5 a4 41. b4 a3 42.
Rxb5 Rf4 43. Kg3 Rc4 44. Ra5 Rxb4 45. Rxa3 Rb2 46. Ra5 Kf6 47. Ra8 Rc2 48. a4 Rc3+ 49. Kg2 Ra3 50. a5 Kg6 51. a6 Kf6 52. Kf1 Kg6 53. Ke2 Rxh3 54. Rb8 Ra3 55. Rb6 Kf6 56. Kd2 Ke5 57. Kc2 Kf4 58. Rxe6 Kxg4 59. Kb2 Ra5 60. Kb3 Kf3 61. Kb4 Ra1 62. Re3+ Kxf2 63. Ra3 Rb1+ 64.
Ka5 Rb8 65. Ra4 Kf3 66. a7 Ra8 67. Kb6 g4 68. Ra3+ Kf4 69. Kb7 Rxa7+ 70. Rxa7 g3 71. Ra4+ Kf3 72. Ra3+ Kg4 73. Ra2 Kh3 74. Kc6 g5 75.
Kd5 g2 76. Ra1 g4 77. Ke4 Kh2 78. Kf4 g1=Q 79. Rxg1 Kxg1 80. Kxg4 1/2-1/2

[Event "Late-Titled-Tuesday-Blitz-April-02-2024"]
[Site "Chess.com"]
[Date "2024.04.02"]
[Round "9"]
[White "Quattroporte300"]
[Black "maracayo"]
[Result "1-0"]
[WhiteElo "2489"]
[BlackElo "2375"]
[TimeControl "180+1"]
[EndTime "15:44:05 PDT"]
[Termination "Quattroporte300 won on time"]

1. e4 d6 2. d4 Nf6 3. Nc3 c6 4. Nf3 Qa5 5. Bd3 e5 6. O-O Be7 7. h3 O-O 8. Re1 Re8 9. a3 h6 10.
b4 Qc7 11. Bb2 Nbd7 12. Qe2 Bf8 13. dxe5 dxe5 14. Nh4 b5 15. Nf5 a6 16. Qf3 Bb7 17.
Rad1 Re6 18. Ne2 c5 19. c3 Nb6 20. Neg3 Na4 21. Ba1 c4 22. Bc2 Rd8 23. Bxa4 bxa4 24.
Bb2 g6 25. Ne3 Rd3 26. Rxd3 cxd3 27. Nd5 Qd8 28. Qxd3 Nxd5 29. exd5 Qxd5 30. Qxd5 Bxd5 31. Rd1 Bb3 32. Rd8 Kg7 33. Bc1 Rd6 34. Bxh6+ Kxh6 35.
Rxf8 f5 36. Rc8 Rd1+ 37. Kh2 Rd2 38. f3 Ra2 39. c4 Rxa3 40. c5 Ra2 41. Rc6 Kg5 42.
Rxa6 Rc2 43. c6 Kf4 44. b5 e4 45. fxe4 fxe4 46. b6 Rxc6 47. b7 Rxa6 48. b8=Q+ Ke3 49. Qb4 Re6 50. Qc3+ Kf4 51. Ne2+ Kg5 52. Qe3+ Kf6 53. Nd4 Ra6 54. Qxe4 Bf7 55. Qf4+ Kg7 56. Qe5+ Kg8 57. Qb5 Ra8 58. Nc6 a3 59. Ne7+ Kf8 60. Qb4 1-0

[Event "Late-Titled-Tuesday-Blitz-April-02-2024"]
[Site "Chess.com"]
[Date "2024.04.02"]
[Round "9"]
[White "Mops_2004"]
[Black "karinachess1"]
[Result "1-0"]
[WhiteElo "2798"]
[BlackElo "2615"]
[TimeControl "180+1"]
[EndTime "15:44:10 PDT"]
[Termination "Mops_2004 won by resignation"]

1. g3 Nf6 2. Bg2 g6 3. d4 d5 4.
Nf3 Bg7 5. c4 c6 6. b3 dxc4 7.
bxc4 c5 8. Bb2 cxd4 9. Nxd4 Qb6 10. Qb3 Nfd7 11. e3 Qxb3 12. axb3 Nc5 13. Bc3 O-O 14. b4 Ncd7 15. Ke2 Ne5 16. Nd2 Nbc6 17. Nxc6 Nxc6 18. Bxg7 Kxg7 19. b5 Ne5 20. h3 Be6 21.
c5 Rac8 22. Rhc1 Rfd8 23. Bxb7 Rc7 24. c6 Nd3 25. Rc3 Nb4 26. Rxa7 Nd5 27. Rd3 Rb8 28. e4 Nb6 29. Ra6 Nc4 30. b6 Rcxb7 31. cxb7 Rxb7 32. Rd4 Rxb6 33. Rxb6 Nxb6 34. g4 Nc8 35. Nf3 Nd6 36. e5 Nb5 37. Rd8 h6 38. Nd4 Nxd4+ 39. Rxd4 g5 40.
Kf3 f6 41. exf6+ exf6 42. Rd6 Bf7 43. Ke4 Kg6 44. Rb6 Bc4 45. Kf3 Bd5+ 46. Kg3 Bc4 47. h4 gxh4+ 48. Kxh4 Kg7 49. f4 Bf7 50. Rb7 Kg8 51.
Kg3 Kg7 52. Kf3 Kg8 53. Ke4 h5 54. gxh5 Bxh5 55. Kf5 Bf3 56. Rc7 Kf8 57. Kxf6 Ke8 58. Re7+ Kf8 59. Re3 Bh5 60. Rc3 Kg8 61. Rc7 Bf3 62. f5 Be4 63. Re7 Bd3 64. Kg6 Kf8 65.
Re3 Bc2 66. Kf6 Bb1 67. Rc3 Kg8 68. Rc8+ Kh7 69. Rb8 Bc2 70. Rb5 Kg8 71. Rc5 Bd3 72. Ke7 Kg7 73. f6+ Kg6 74. f7 1-0

[Event "Late-Titled-Tuesday-Blitz-April-02-2024"]
[Site "Chess.com"]
[Date "2024.04.02"]
[Round "9"]
[White "grandcoach"]
[Black "Savagelittlemole"]
[Result "1/2-1/2"]
[WhiteElo "2284"]
[BlackElo "2498"]
[TimeControl "180+1"]
[EndTime "15:44:10 PDT"]
[Termination "Game drawn - insufficient material"]

1. e4 c5 2. b4 cxb4 3. a3 d5 4. exd5 Nf6 5. axb4 Nxd5 6. b5 e5 7. Bb2 Bd6 8. Nf3 f6 9. Bc4 Be6 10. O-O O-O 11. Nc3 Nf4 12. Bxe6+ Nxe6 13. Ne4 Bc7 14.
Ba3 Rf7 15. Re1 Nd7 16. d4 Nxd4 17. Nxd4 exd4 18. Qxd4 Be5 19. Qd5 Nb6 20. Qxd8+ Rxd8 21. Rad1 Rfd7 22. Rxd7 Rxd7 23. Nc5 Rd2 24. Nxb7 Rxc2 25. Bd6 Nc4 26. Bxe5 Nxe5 27. Nd6 Rc5 28. f4 Nd7 29. Re8+ Nf8 30. f5 Rd5 31. Nc8 Rxb5 32. Nxa7 Rxf5 33. Nc6 Kf7 34. Re7+ Kg6 35. Nd4 Rd5 36. Ne6 Nxe6 37. Rxe6 Rd2 38. h3 h5 39. Re7 Kh6 40. Kh2 h4 41. Rf7 Rf2 42. Rf8 g6 43. Rf7 Kg5 44.
Rd7 f5 45. Rd6 Re2 46. Rc6 Kh5 47. Rd6 g5 48. Rf6 Rf2 49. Kg1 Rf4 50. Kh2 g4 51.
hxg4+ Kxg4 52. Rg6+ Kh5 53. Rg8 Rf2 54. Rg7 f4 55. Kg1 Rb2 56. Rg8 h3 57. gxh3 f3 58. Kf1 Kh4 59. Rf8 Kg3 60. Rg8+ Kxh3 61. Rf8 Kg3 62.
Rg8+ Kf4 63. Rf8+ Ke4 64. Re8+ Kd3 65. Rf8 Rb1+ 66. Kf2 Ke4 67. Re8+ Kf4 68. Rf8+ Kg4 69.
Rg8+ Kf5 70. Rf8+ Kg6 71. Rxf3 Rb2+ 72. Kg3 Rb5 73. Re3 Rg5+ 74. Kf2 Rf5+ 75. Ke2 Kf6 76.
Rf3 Rxf3 77. Kxf3 1/2-1/2